 Dungeon Sprint DCSS version 0.31-a0-986-g5e6e4ef867 (webtiles) character file.

Game seed: 9778544782252929947

24441 sircluck the Brawler (level 12, 0/144 HPs)
             Began as a Troll Berserker on Nov 10, 2023.
             Was a Priest of Trog.
             Slain by a deep elf blademaster
             ... wielding a +0 quick blade
              (8 damage)
             ... in the Dungeon (Sprint VII: "The Pits").
             The game lasted 00:06:56 (2098 turns).

sircluck the Brawler (Troll Berserker)              Turns: 2098, Time: 00:06:57

Health: 0/144      AC: 17    Str: 35    XL:     12   Next: 80%
Magic:  11/11      EV: 17    Int:  3    God:    Trog [***...]
Gold:   73         SH:  0    Dex:  9    Spells: 11/11 levels left

rFire   + .          .
                       - Unarmed
rCold   + . .        (no shield)
rNeg    . . .        n - +0 acid dragon scales
rPois   .            (helmet restricted)
rElec   .            q - +1 cloak
rCorr   +            (gloves unavailable)
SInv    .            (boots unavailable)
Will    .....        (no amulet)
Stlth   +            k - +3 ring of evasion
HPRegen 1.24/turn    o - ring of Xom's Passing Interest {rF+ rC+ rCorr AC+4 Str+3}
MPRegen 0.12/turn

%: no teleportation
@: no status effects
A: large, unfitting armour, claws 3, regeneration 1, shaggy fur 1, tough skin 1
a: Renounce Religion, Berserk, Trog's Hand


You were in the Dungeon.
You worshipped Trog.
Trog was most pleased with you.
You visited 1 branch You collected 73 gold pieces.

Inventory:

Armour
 a - a +0 animal skin
 n - +0 acid dragon scales (worn)
 q - a +1 cloak (worn)
Jewellery
 k - a +3 ring of evasion (left claw)
 l - a +3 ring of intelligence
 o - the ring of Xom's Passing Interest (right claw) {rF+ rC+ rCorr AC+4 Str+3}
   (You took it off a spriggan air mage in the Dungeon)

   [ring of protection]

   AC+4:      It affects your AC (+4).
   Str+3:     It affects your strength (+3).
   rF+:       It protects you from fire.
   rC+:       It protects you from cold.
   rCorr:     It protects you from acid and corrosion.
 r - a ring of resist corrosion
 u - the ring "Ulon" {Wiz Str+8}
   (You found it in the Dungeon)

   [ring of wizardry]

   Wiz:       It improves your spell success rate.
   Str+8:     It affects your strength (+8).
 v - a ring of see invisible
Wands
 p - a wand of roots (7)
 t - a wand of polymorph (10)
Scrolls
 g - a scroll of blinking
 i - 2 scrolls of vulnerability
 j - a scroll of summoning
 s - 7 scrolls of enchant armour
 w - 2 scrolls of identify
 x - 2 scrolls of enchant weapon
 y - 2 scrolls of fear
Potions
 b - 9 potions of curing
 c - 10 potions of heal wounds
 d - 5 potions of haste
 e - 4 potions of magic
 f - 7 potions of berserk rage
 h - 2 potions of invisibility
 m - 4 potions of mutation
 z - a potion of resistance


   Skills:
 + Level 15.7 Fighting
 + Level 11.4 Armour
 + Level 15.6 Dodging
 + Level 18.3 Unarmed Combat


You had 11 spell levels left.
You didn't know any spells.
Your spell library was empty.

Dungeon Overview and Level Annotations

Branches:
Dungeon (1/1)

Altars:
Ashenzari
Cheibriados
Dithmenos
Elyvilon
Fedhas
Gozag
Hepliaklqana
Kikubaaqudgha
Makhleb
Nemelex Xobeh
Okawaru
Qazlal
Ru
Sif Muna
Trog
Uskayaw
Vehumet
Wu Jian
Xom
Yredelemnul
Zin
The Shining One
Jiyva
Lugonu


Innate Abilities, Weirdness & Mutations

You are too large for most types of armour.
You have claws for hands.
Your natural rate of healing is unusually fast.
You are covered in fur. (AC +1)
You have tough skin. (AC +1)


Message History

Your ogre completely misses the deep elf blademaster.
The air elemental hits your ogre.
The deep elf blademaster hits you but does no damage.
The deep elf blademaster hits you with a +0 quick blade!
* * * LOW HITPOINT WARNING * * *
The deep elf blademaster barely misses you.
The deep elf blademaster hits you with a +0 quick blade.
* * * LOW HITPOINT WARNING * * *
Unknown command.
Unknown command.
Unknown command.
You feel much better.
The air elemental fires a burst of electricity at you.
The stunning burst hits your ogre!!
Your ogre is paralysed.
The stunning burst hits your ogre.
Your ogre is paralysed.
The stunning burst hits you!!
You suddenly lose the ability to move!
* * * LOW HITPOINT WARNING * * *
The air elemental hits your ogre!
The deep elf blademaster hits you but does no damage. x2
The deep elf blademaster hits you with a +0 quick blade!
* * * LOW HITPOINT WARNING * * *
The deep elf blademaster hits you with a +0 quick blade!
* * * LOW HITPOINT WARNING * * *
The air elemental hits your ogre!
You can move again.
Unknown command.
Unknown command.
Unknown command.
Unknown command.
Unknown command.
You closely miss the deep elf blademaster.
Your claw misses the deep elf blademaster.
The deep elf blademaster barely misses you.
The deep elf blademaster closely misses you.
The deep elf blademaster hits you with a +0 quick blade.
* * * LOW HITPOINT WARNING * * *
The deep elf blademaster hits you with a +0 quick blade!
You die...

...†Y...........##.#|.+.##..#####
....D†..........##.+.)#.##..#
#####T'###########.#.)+.##..#
#####§E###########.+.|#.##..#
......§.....##..##.##[#.##..#
..#..#3.....##..##.)....##..#
.........3..'E..##########..#
............''OO##########.)#
..#..#..§...##.e@........†..#
............##..............#
#####''######################
...##''##### ###################
...##......# #..)......##.)...'.
...##......# ##.......###.(...##
...###....## ####...###########.
...# ##''## ###..'...'..##..##...
...###....###....##'##.....##....


You could see a deep elf blademaster, a sixfirhy, an air elemental (ally target)
and 2 friendly ogres.

Vanquished Creatures
  A great orb of eyes (D)
  A hydra (D)
  A demonic crawler (D)
  Sonja (D)
  2 shadow wraiths (D)
  An orc knight (D)
  An orc sorcerer (D)
  A manticore (D)
  A black mamba (D)
  A gargoyle (D)
  A komodo dragon (D)
  A guardian mummy (D)
  2 polar bears (D)
  A tyrant leech (D)
  2 glass eyes (D)
  A hornet (D)
  An air elemental (D)
  8 yaks (D)
  2 basilisks (D)
  A small abomination (D)
  A neqoxec (D)
  3 wargs (D)
  An acid dragon (D)
  A black bear (D)
  An orc warrior (D)
  An ice beast (D)
  An ogre (D)
  A gnoll sergeant (D)
  A scorpion (D)
  A crimson imp (D)
  A hound (D)
  A quasit (D)
  3 orc priests (D)
  An iguana (D)
  A mummy (D)
  2 gnolls (D)
  A river rat (D)
  An ufetubus (D)
  An adder zombie (D)
  2 orcs (D)
  A bat (D)
  A giant cockroach (D)
  A hobgoblin (D)
  2 jackals (D)
  A quokka (D)
  A ball python zombie (D)
  3 frilled lizards (D)
  A goblin (D)
  A rat (D)
69 creatures vanquished.

Vanquished Creatures (collateral kills)
  A titan (D)
  An emperor scorpion (D)
  An ice dragon (D)
  A spriggan air mage (D)
  A hydra (D)
  A catoblepas (D)
  7 death yaks (D)
  A fire crab (D)
  A swamp dragon (D)
  A spriggan druid (D)
  2 flayed ghosts (D)
  A deep elf pyromancer (D)
  A necromancer (D)
  A merfolk siren (D)
  Maurice (D)
  A molten gargoyle (D)
  A smoke demon (D)
  A wind drake (D)
  A jumping spider (D)
  A flying skull (D)
  An air elemental (D)
  A shadow (D)
  2 redbacks (D)
  Edmund (D)
  An ogre (D)
  A scorpion (D)
  A jelly (D)
  A hell rat (D)
  4 gnolls (D)
  2 ufetubi (D)
  A ball python skeleton (D)
  A giant cockroach simulacrum (D)
  A giant cockroach zombie (D)
  A quokka skeleton (D)
  A rat (D)
47 creatures vanquished.

Vanquished Creatures (others)
  A centaur (D)
1 creature vanquished.

Grand Total: 117 creatures vanquished

Notes
Turn   | Place    | Note
-------+----------+-------------------------------------------
     0 | D        | sircluck the Troll Berserker began the quest for the Orb.
     0 | D        | Reached XP level 1. HP: 22/22 MP: 0/0
    20 | D        | Found a bloodstained altar of Trog.
    20 | D        | Found a shimmering blue altar of Sif Muna.
    20 | D        | Found a viscous altar of Jiyva.
    20 | D        | Found a hazy altar of Hepliaklqana.
    20 | D        | Found an opulent altar of Gozag.
    21 | D        | Found a glowing golden altar of the Shining One.
    21 | D        | Found a glowing silver altar of Zin.
    21 | D        | Found a basalt altar of Yredelemnul.
    21 | D        | Found a shimmering altar of Xom.
    21 | D        | Found an ornate altar of the Wu Jian Council.
    21 | D        | Found a sacrificial altar of Ru.
    21 | D        | Found a stormy altar of Qazlal.
    21 | D        | Found an iron altar of Okawaru.
    21 | D        | Found a sparkling altar of Nemelex Xobeh.
    21 | D        | Found a burning altar of Makhleb.
    21 | D        | Found a blossoming altar of Fedhas.
    21 | D        | Found a white marble altar of Elyvilon.
    21 | D        | Found a shadowy altar of Dithmenos.
    21 | D        | Found a snail-covered altar of Cheibriados.
    23 | D        | Found a radiant altar of Vehumet.
    23 | D        | Found a corrupted altar of Lugonu.
    24 | D        | Found a hide-covered altar of Uskayaw.
    24 | D        | Found an ancient bone altar of Kikubaaqudgha.
    24 | D        | Found a broken altar of Ashenzari.
    59 | D        | Reached ** piety under Trog
    63 | D        | Noticed a glass eye
    78 | D        | Killed a glass eye
    79 | D        | Reached skill level 5 in Dodging
    79 | D        | Reached skill level 7 in Unarmed Combat
    79 | D        | Reached XP level 2. HP: 36/36 MP: 1/1
    79 | D        | Reached XP level 3. HP: 44/44 MP: 2/2
    79 | D        | Reached XP level 4. HP: 52/52 MP: 3/3
    79 | D        | Reached XP level 5. HP: 59/59 MP: 4/4
   134 | D        | Noticed a glass eye
   144 | D        | Killed a glass eye
   144 | D        | Reached *** piety under Trog
   145 | D        | Reached skill level 8 in Unarmed Combat
   145 | D        | Reached XP level 6. HP: 71/71 MP: 5/5
   208 | D        | Noticed a warg
   219 | D        | Reached skill level 9 in Unarmed Combat
   221 | D        | Killed a warg
   221 | D        | Reached **** piety under Trog
   222 | D        | Reached XP level 7. HP: 64/80 MP: 6/6
   255 | D        | Reached ***** piety under Trog
   271 | D        | Received a gift from Trog
   272 | D        | Reached skill level 10 in Unarmed Combat
   295 | D        | Noticed a guardian mummy
   295 | D        | Noticed an orc knight
   295 | D        | Noticed an orc sorcerer
   298 | D        | Killed an orc sorcerer
   299 | D        | Reached skill level 11 in Unarmed Combat
   299 | D        | Reached XP level 8. HP: 92/92 MP: 7/7
   314 | D        | Killed an orc knight
   314 | D        | Received a gift from Trog
   315 | D        | Reached skill level 10 in Fighting
   315 | D        | Reached skill level 10 in Dodging
   321 | D        | Reached skill level 12 in Unarmed Combat
   321 | D        | Reached XP level 9. HP: 52/102 MP: 8/8
   326 | D        | Killed a guardian mummy
   479 | D        | Reached skill level 13 in Unarmed Combat
   661 | D        | Noticed a swamp dragon
   661 | D        | Noticed a wind drake
   661 | D        | Noticed a molten gargoyle
   665 | D        | Killed a wind drake
   666 | D        | Reached skill level 1 in Armour
   669 | D        | Killed a molten gargoyle
   670 | D        | Killed a swamp dragon
   671 | D        | Reached XP level 10. HP: 52/115 MP: 9/9
   857 | D        | Reached ****** piety under Trog
   874 | D        | Received a gift from Trog
   875 | D        | Reached skill level 14 in Unarmed Combat
   996 | D        | Noticed a necromancer
   996 | D        | Noticed a deep elf pyromancer
  1001 | D        | Killed a necromancer
  1005 | D        | Killed a deep elf pyromancer
  1006 | D        | Reached skill level 5 in Armour
  1022 | D        | Noticed a titan
  1025 | D        | Killed a titan
  1025 | D        | Received a gift from Trog
  1202 | D        | Noticed a fire crab
  1202 | D        | Noticed a death yak
  1202 | D        | Noticed a death yak
  1202 | D        | Noticed a death yak
  1203 | D        | Killed a death yak
  1204 | D        | Reached skill level 15 in Unarmed Combat
  1204 | D        | Identified the ring of Xom's Passing Interest {rF+ rC+
                  | rCorr AC+4 Str+3}
  1204 | D        | Noticed a spriggan air mage
  1206 | D        | Killed a spriggan air mage
  1207 | D        | Reached XP level 11. HP: 127/127 MP: 10/10
  1209 | D        | Noticed a death yak
  1209 | D        | Killed a death yak
  1210 | D        | Killed a death yak
  1211 | D        | Noticed a death yak
  1212 | D        | Killed a death yak
  1213 | D        | Killed a death yak
  1214 | D        | Killed a fire crab
  1214 | D        | Identified the +7 battleaxe of Cypeg {flame, Drain rElec
                  | Dex+7} (Trog gifted it to you in the Dungeon)
  1214 | D        | Received a gift from Trog
  1215 | D        | Noticed an emperor scorpion
  1217 | D        | Killed an emperor scorpion
  1218 | D        | Reached skill level 16 in Unarmed Combat
  1325 | D        | Killed a shadow wraith
  1361 | D        | Received a gift from Trog
  1401 | D        | Noticed Maurice
  1401 | D        | Noticed a death yak
  1401 | D        | Noticed a death yak
  1407 | D        | Killed a death yak
  1409 | D        | Killed Maurice
  1409 | D        | Received a gift from Trog
  1411 | D        | Killed a death yak
  1438 | D        | Reached XP level 12. HP: 125/140 MP: 11/11
  1443 | D        | Noticed a great orb of eyes
  1447 | D        | Paralysed by an air elemental for 1 turns
  1458 | D        | Killed a great orb of eyes
  1459 | D        | Reached skill level 17 in Unarmed Combat
  1648 | D        | Received a gift from Trog
  1653 | D        | Reached skill level 10 in Armour
  1813 | D        | Noticed Edmund
  1813 | D        | Noticed a six-headed hydra
  1819 | D        | Killed Edmund
  1825 | D        | Killed a six-headed hydra
  1826 | D        | Reached skill level 15 in Fighting
  1827 | D        | Received a gift from Trog
  1828 | D        | Noticed Sonja
  1829 | D        | Reached skill level 15 in Dodging
  1853 | D        | Received a gift from Trog
  1864 | D        | Killed Sonja
  1934 | D        | Got the ring "Ulon" {Wiz Str+8}
  2054 | D        | Noticed a six-headed hydra
  2055 | D        | Noticed an ice dragon
  2055 | D        | Paralysed by an air elemental for 1 turns
  2062 | D        | Noticed a demonic crawler
  2062 | D        | Killed a nine-headed hydra
  2062 | D        | Paralysed by an air elemental for 1 turns
  2067 | D        | Noticed a catoblepas
  2070 | D        | Killed an ice dragon
  2071 | D        | Reached skill level 18 in Unarmed Combat
  2073 | D        | Killed a demonic crawler
  2074 | D        | Identified the +1 robe of the Blind Marksman {Fly}
  2076 | D        | Identified the +8 battleaxe of Jaehybye {flame, Fly rC+}
                  | (Trog gifted it to you in the Dungeon)
  2076 | D        | Received a gift from Trog
  2081 | D        | Noticed a deep elf blademaster
  2082 | D        | Paralysed by an air elemental for 1 turns
  2086 | D        | Killed a catoblepas
  2097 | D        | Paralysed by an air elemental for 1 turns
  2098 | D        | Slain by a deep elf blademaster

Illustrated notes

Levels and vault maps discovered:
D:        pitsprint [storerooms_1, entrance_room_1, metal_vault_2, armoury_1,
          mini_pit_1, grid_room_1, main_hall_1, silver_pit, the_coven_1,
          the_vestibule_1, steel_vault_2, golden_pit, hallway_of_sentries,
          crystal_vault_4, iron_vault_1, final_vault]

Skill      XL: |  1  2  3  4  5  6  7  8  9 10 11 12 |
---------------+-------------------------------------+-----
Fighting       | 6 7 8 9 10 11 13 14 15 | 15.7
Dodging        | 5 7 9 10 11 12 14 15 | 15.6
Unarmed Combat | 7 8 9 11 12 13 15 16 18 | 18.3
Armour         | 3 6 9 11 | 11.4

Action                     |  1- 3 |  4- 6 |  7- 9 | 10-12 || total
---------------------------+-------+-------+-------+-------++-------
  Melee: Unarmed           |    21 |    23 |    81 |    99 ||   224
         Punch             |       |       |     1 |     5 ||     6
 Invoke: Brothers in Arms  |       |       |     2 |    14 ||    16
         Berserk           |       |       |     1 |       ||     1
    Use: Potion            |       |       |       |     4 ||     4
         Scroll            |       |       |       |     1 ||     1
   Stab: Sleeping          |     1 |       |       |       ||     1
 Armour: Animal skin       |     2 |     7 |    34 |       ||    43
         Acid dragon scale |       |       |     4 |   120 ||   124
  Dodge: Dodged            |     2 |     7 |    41 |    99 ||   149

Table legend: (Time is in decaauts)
 A = Elapsed time spent in this place.
 B = Non-inter-level travel time spent in this place.
 C = Inter-level travel time spent in this place.
 D = Time resting spent in this place.
 E = Time spent auto-exploring this place.
 F = Levels seen in this place.
 G = Mean time per level.
                   A        B        C        D        E       F      G
               +--------+--------+--------+--------+--------+-----+--------+
         Total |   2072 |   2007 |     65 |    750 |    273 |   1 | 2072.0 |
       Dungeon |   2072 |   2007 |     65 |    750 |    273 |   1 | 2072.0 |
               +--------+--------+--------+--------+--------+-----+--------+

Top non-repeatable levels by time:
       D: 2072 daAuts
